 Dungeon Crawl Stone Soup version 0.27.0-65-ge2af304b15 (webtiles) character file.

Game seed: 17393094892072270726

1368 DearestLeader the Reanimator (level 8, -7/69 HPs)
             Began as a Deep Dwarf Necromancer on Aug 19, 2021.
             Shot with an arrow by a centaur (9 damage)
             ... on level 7 of the Dungeon.
             The game lasted 00:16:21 (6170 turns).

DearestLeader the Reanimator (DDNe)                 Turns: 6170, Time: 00:16:22

Health: -7/69      AC:  6    Str: 12    XL:     8   Next: 38%
Magic:  11/11      EV: 12    Int: 18    God:
Gold:   306        SH:  0    Dex: 13    Spells: 6/11 levels left

rFire    . . .     SeeInvis .   n - +1 dagger (pain)
rCold    + . .     Faith    .   (no shield)
rNeg     . . .     Spirit   .   t - +2 robe {rC+}
rPois    .         Reflect  .   o - +0 helmet
rElec    .         Harm     .   m - +0 cloak
rCorr    .         Rampage  .   (no gloves)
Will     +....                  (no boots)
Stlth    ++........             (no amulet)
HPRegen  0.00/turn              (no ring)
MPRegen  0.12/turn              (no ring)

@: no status effects
A: damage resistance, heal wounds, sense surroundings 1, no regeneration
a: Heal Wounds


You were on level 7 of the Dungeon.
You visited 1 branch of the dungeon, and saw 7 of its levels.
You also visited: Ossuary.

You collected 306 gold pieces.

Inventory:

Hand Weapons
 f - a +0 shortbow
 g - a +0 whip
 n - a +1 dagger of pain (weapon)
 p - a +2 antimagic dagger
Missiles
 l - 4 silver javelins (quivered)
Armour
 c - a +0 buckler
 d - a +0 scale mail
 k - the +1 ring mail of Courage {Str+2}
   (You found it on level 4 of the Dungeon)

   Str:       It affects your strength (+2).
 m - a +0 cloak (worn)
 o - a +0 helmet (worn)
 t - a +2 robe of cold resistance (worn)
 y - a +0 chain mail
 B - a +2 robe of willpower
Wands
 r - a wand of polymorph (2)
Scrolls
 b - a scroll of enchant armour {unknown}
 e - 2 scrolls of teleportation
 j - a scroll of fog
 q - a scroll of vulnerability {unknown}
 u - 2 scrolls of identify
 v - a scroll of silence {unknown}
 C - 3 scrolls of amnesia {unknown}
Potions
 a - a potion of lignification {unknown}
 h - 2 potions of curing {unknown}
 s - 2 potions of brilliance {unknown}
 z - a potion of ambrosia {unknown}
 A - 2 potions of degeneration {unknown}
 D - a potion of haste
Miscellaneous
 w - a piece from Xom's chessboard (15/15)


   Skills:
 + Level 3.2 Fighting
 - Level 4.0 Armour
 - Level 2.1 Dodging
 - Level 2.4 Stealth
 * Level 3.4 Shields
 - Level 2.0 Spellcasting
 * Level 9.8 Necromancy


You had 6 spell levels left.
You knew the following spells:

 Your Spells              Type           Power      Damage    Failure   Level
a - Pain                  Necr           100%       1d9       1%          1
b - Animate Skeleton      Necr           74%        N/A       1%          1
c - Vampiric Draining     Necr           18%        2d8       1%          3

Your spell library contained the following spells:

 Spells                   Type           Power      Damage    Failure   Level
 Animate Dead             Necr           18%        N/A       3%          4
 Agony                    Necr           37%        N/A       9%          5
 Slow                     Hex            1%         N/A       26%         2
 Confusing Touch          Hex            1%         N/A       47%         3
 Malign Gateway           Summ/Tloc      0%         N/A       100%        7
 Summon Horrible Things   Summ           0%         N/A       100%        8


Dungeon Overview and Level Annotations

Branches:
Dungeon (7/15)             Temple (0/1) D:7         Ossuary (visited)

Altars:
Cheibriados
Fedhas
Hepliaklqana
Kikubaaqudgha
Okawaru
Xom
The Shining One

Shops:
D:2 =   D:3 *   D:7 [

Annotations:
D:6 Menkaure


Innate Abilities, Weirdness & Mutations

You are resistant to damage.
You can heal yourself by infusing magical energy.
You passively map a small area around you.
You do not regenerate.


Message History

You draw life force from the bullfrog.
You feel life coursing into your body. The bullfrog hits you.
* * * LOW HITPOINT WARNING * * *
Unknown command.
Casting: Vampiric Draining (safe; 1% risk of failure)
Confirm with . or Enter, or press ? or * to list all spells.
Aiming: Vampiric Draining (safe; 1% risk of failure)
Press: ? - help, Shift-Dir - straight line, f/p - bullfrog
Aim: a bullfrog (lightly wounded)
You draw life force from the bullfrog.
You feel life coursing into your body. The bullfrog misses you.
The bullfrog barely misses you.
Unknown command.
Casting: Vampiric Draining (safe; 1% risk of failure)
Confirm with . or Enter, or press ? or * to list all spells.
Aiming: Vampiric Draining (safe; 1% risk of failure)
Press: ? - help, Shift-Dir - straight line, f/p - bullfrog
Aim: a bullfrog (moderately wounded)
You draw life force from the bullfrog!
You kill the bullfrog!
You feel life coursing into your body!
Unknown command.
Found a leather armour.
Found a staircase to the Ecumenical Temple.
A centaur comes into view.
The centaur shouts!
You hear an angry hiss.
The centaur wields a +0 shortbow.
The centaur shoots an arrow.
The arrow hits you!
* * * LOW HITPOINT WARNING * * *
The centaur shoots an arrow.
The arrow hits you!
* * * LOW HITPOINT WARNING * * *
The centaur shoots an arrow.
The arrow hits you.
* * * LOW HITPOINT WARNING * * *
A water moccasin comes into view.
The water moccasin hisses angrily.
The centaur shoots an arrow.
The arrow barely misses you.
The centaur shoots an arrow.
The arrow hits you.
* * * LOW HITPOINT WARNING * * *
There is a staircase to the Ecumenical Temple here.
The centaur shoots an arrow.
The arrow hits you!
You die...

...........##...............#.###
...........##.............. ...
...............#.#........,....
..................S............ *
................#.#....... , ,
..............###.#...Z.Z. *
.##.........###...##.... *
..........#...[....#....
.......##...##..@..##.. ,
.........#...#......c.#
##.......#...##...###... , **
.........#....#.###... .
.........#....#.#...# ,
........>..#......### , ,
...........###.#.##* , ,
..####.....# #..... * ,
..####...._# #....... ,


You could see a water moccasin, a centaur and a howler monkey zombie.

Vanquished Creatures
  Sigmund (D:3)
  A steam dragon (D:6)
  A sky beast (D:7)
  Duvessa (D:5)
  A necrophage (D:3)
  A centaur (D:7)
  A phantom (D:6)
  A bullfrog (D:7)
  Dowan (D:5)
  A scorpion (D:6)
  A water moccasin skeleton (D:4)
  A hound (D:7)
  2 jellies (D:5)
  An iguana (D:4)
  4 orc wizards
  A scorpion zombie (D:5)
  Terence (D:3)
  A killer bee zombie (D:7)
  Robin (D:3)
  A howler monkey skeleton (D:4)
  9 adders
  An adder zombie (D:5)
  An adder skeleton (D:4)
  A worm (D:2)
  3 dart slugs
  11 orcs
  6 ball pythons
  9 endoplasms
  2 giant cockroaches (D:2)
  14 goblins
  8 hobgoblins
  8 kobolds
  A quokka (D:1)
  6 bats
  3 frilled lizards
  4 rats
  2 butterflies (D:5)
113 creatures vanquished.

Vanquished Creatures (collateral kills)
  A bullfrog skeleton (D:5)
1 creature vanquished.

Grand Total: 114 creatures vanquished

Notes
Turn   | Place    | Note
-------+----------+-------------------------------------------
     0 | D:1      | DearestLeader the Deep Dwarf Necromancer began the quest
                  | for the Orb.
     0 | D:1      | Reached XP level 1. HP: 15/15 MP: 3/3
   338 | D:1      | Learned a level 1 spell: Animate Skeleton
   522 | D:1      | Reached XP level 2. HP: 20/22 MP: 2/4
   690 | D:1      | Reached skill level 5 in Necromancy
   947 | D:2      | Found a hazy altar of Hepliaklqana.
  1031 | D:2      | Found Kyik's Jewellery Boutique.
  1297 | D:2      | Reached XP level 3. HP: 21/28 MP: 0/5
  1301 | D:2      | Learned a level 3 spell: Vampiric Draining
  1912 | D:2      | Reached skill level 6 in Necromancy
  2097 | D:2      | Found a faded altar of an unknown god.
  2238 | D:3      | Found an ancient bone altar of Kikubaaqudgha.
  2285 | D:3      | Reached XP level 4. HP: 36/36 MP: 4/7
  2363 | D:3      | Noticed Robin
  2433 | D:3      | Killed Robin
  2572 | D:3      | Found an iron altar of Okawaru.
  2580 | D:3      | Reached skill level 1 in Armour
  2591 | D:3      | Noticed Sigmund
  2591 | D:3      | You fall into a shaft and drop 3 floors!
  2591 | D:6      | Noticed Menkaure
  2619 | D:5      | Entered Level 5 of the Dungeon
  2683 | D:5      | Noticed Dowan
  2684 | D:5      | Noticed Duvessa
  2701 | D:5      | Found a sand-covered staircase.
  2707 | Ossuary  | Entered an ossuary
  2781 | D:5      | Killed Duvessa
  2782 | D:5      | Reached skill level 7 in Necromancy
  2782 | D:5      | Reached XP level 5. HP: 7/42 MP: 2/8
  2792 | D:5      | Killed Dowan
  2835 | D:5      | Reached XP level 6. HP: 9/49 MP: 3/9
  3075 | D:5      | Found a shimmering altar of Xom.
  3337 | D:4      | Reached skill level 1 in Fighting
  3341 | D:4      | Reached skill level 8 in Necromancy
  3415 | D:4      | Found a snail-covered altar of Cheibriados.
  3418 | D:4      | Found a glowing golden altar of the Shining One.
  3787 | D:4      | HP: 1/51 [water moccasin skeleton (2)]
  3839 | D:3      | Reached XP level 7. HP: 35/57 MP: 3/10
  3981 | D:3      | Noticed Terence
  4097 | D:3      | Killed Terence
  4277 | D:3      | Found Gottooss's General Store.
  4471 | D:3      | Killed Sigmund
  4472 | D:3      | Reached skill level 9 in Necromancy
  5069 | D:4      | Identified the +1 ring mail of Courage {Str+2}
  5354 | D:5      | Reached skill level 1 in Shields
  5543 | D:6      | Noticed a komodo dragon
  5602 | D:6      | Noticed a steam dragon
  5619 | D:6      | HP: 3/61 [phantom (6)]
  5625 | D:6      | Killed a steam dragon
  5626 | D:6      | Reached XP level 8. HP: 13/68 MP: 0/11
  5730 | D:7      | Found Wudeaji's Armour Emporium.
  6077 | D:7      | Found a blossoming altar of Fedhas.
  6164 | D:7      | Found a staircase to the Ecumenical Temple.
  6169 | D:7      | HP: 2/69 [centaur/arrow (3)]
  6170 | D:7      | Shot with an arrow by a centaur

Illustrated notes

Levels and vault maps discovered:
D:1:      saegor_arrival_simple_a, layout_basic
D:2:      layout_loops_ring, shapermc_ecumenical_altar_mp_vishouse,
          serial_shops, nicolae_square_shop, basic_altar,
          minmay_misc_feat_alley, minmay_3d_cube
D:3:      layout_basic, mainiacjoe_overflow_24_doors,
          nicolae_overflow_hidden_temple, serial_shops,
          nicolae_shop_statue_plus, uniq_sigmund, uniq_robin, uniq_terence
D:4:      layout_cave_pools, mainiacjoe_overflow_divided_tiny
D:5:      layout_rooms, xom_butterflies, nicolae_ossuary_entry_plus,
          uniq_duvessa
D:6:      cheibrodos_helix_gallery, layout_basic, yredelemnul_altar_generic,
          uniq_menkaure
D:7:      layout_basic, overflow_temple_1_default, hangedman_ru_absence,
          minmay_temple_entry_slanted, serial_shops, nicolae_square_shop

Skill      XL: |  1  2  3  4  5  6  7  8 |
---------------+-------------------------+-----
Necromancy     | 5 6 7 8 9 |  9.8
Spellcasting   | 2 |  2.0
Armour         | 2 3 4 |  4.0
Fighting       | 1 2 3 |  3.2
Shields        | 2 3 |  3.4
Dodging        | |  2.1
Stealth        | |  2.4

Action                   |  1- 3 |  4- 6 |  7- 9 || total
-------------------------+-------+-------+-------++-------
Melee: Unarmed           |     5 |       |       ||     5
       Whip              |    11 |    12 |       ||    23
       Dagger            |       |   146 |   112 ||   258
 Cast: Pain              |    66 |    12 |       ||    78
       Animate Skeleton  |     1 |     4 |       ||     5
       Vampiric Draining |     5 |    22 |    34 ||    61
  Use: Scroll            |       |     3 |       ||     3
       Potion            |       |     4 |     2 ||     6
 Stab: Sleeping          |     1 |     1 |       ||     2
       Invisible         |       |     2 |     1 ||     3
       Distracted        |       |       |     1 ||     1
Armor: Robe              |     1 |    55 |    48 ||   104
       Ring mail         |       |    37 |       ||    37
Dodge: Dodged            |     8 |   141 |    85 ||   234
